Wild vs Canucks

Created - 13 mai 2022 at 07:55

Goals
1 2 3 T
Wild 0 2 0 2
Canucks 0 0 6 6
Shots
1 2 3 T
Wild 7 15 7 29
Canucks 8 10 16 34

1st period

No Goal

Penalties :
Charlie McAvoy (VAN) for Tripping (Minor) at 1:49

2nd period

1. Wild , Patrice Bergeron 4 (Brad Marchand 9, Mario Ferraro 2) at 6:05 (PP)
2. Wild , Brad Marchand 5 (Alex DeBrincat 4, Jake Oettinger) at 8:40 (PP)

Penalties :
Darnell Nurse (VAN) for Roughing (Minor) at 3:09, Blake Wheeler (VAN) for Cross-checking (Minor) at 5:48, Charlie McAvoy (VAN) for Interference (Minor) at 8:04

3rd period

3. Canucks , Ryan Getzlaf 3 (Alex Tuch 2) at 4:20
4. Canucks , Alex Tuch 4 (Dominik Kubalik 3, Oscar Klefbom 3) at 5:05
5. Canucks , Alex Killorn 4 (Mika Zibanejad 12, Blake Wheeler 5) at 6:15
6. Canucks , Alex Tuch 5 (Quinn Hughes 7, Ryan Getzlaf 5) at 7:04
7. Canucks , Ryan Getzlaf 4 (Alex Tuch 3, Dominik Kubalik 4) at 15:15
8. Canucks , Cole Sillinger 5 (Denis Gurianov 4, Oscar Klefbom 4) at 16:32

Penalties :
Alexander Edler (MIW) for Tripping (Minor) at 16:41

Goalie Stats

Jake Oettinger (MIW), 28 saves from 34 shots - (0,824), L, 4-2-0, 60:00 minutes
Ben Bishop (VAN), 27 saves from 29 shots - (0,931), W, 6-3-1, 60:00 minutes

Players Stats for Wild

Player Name              G  A  P  +/- PIM S  H  SB GA TA FO     MP     PP MP  PK MP  
------------------------------------------------------------------------------------
Adrian Kempe             0  0  0  -3  0   1  0  0  1  1  0/3    16:16   0:00   0:00 
Alex DeBrincat           0  1  1  -1  0   2  1  0  1  0  1/1    17:45   2:29   0:00 
Alexander Edler          0  0  0  -2  2   0  0  6  0  0  0/0    19:53   0:29   0:00 
Alexandre Carrier        0  0  0  -2  0   4  1  1  0  4  0/0    21:09   2:20   0:00 
Brad Marchand            1  1  2  -3  0   3  2  0  1  0  1/2    19:00   2:29   0:15 
Brandon Carlo            0  0  0  -2  0   1  3  0  0  1  0/0    18:18   2:31   1:01 
Brayden McNabb           0  0  0  -2  0   0  0  3  0  1  0/0    16:37   0:00   0:58 
Cam Atkinson             0  0  0  -1  0   1  1  0  0  0  0/0    12:34   0:03   0:00 
Chris Tierney            0  0  0  -1  0   4  0  0  0  0  4/5    10:50   0:24   1:00 
Devon Toews              0  0  0  -2  0   1  2  0  0  0  0/0    21:12   1:38   0:58 
Elias Lindholm           0  0  0  -1  0   0  0  0  1  0  8/15   18:31   2:17   0:44 
Jack Eichel              0  0  0  -1  0   0  0  0  1  0  3/3    14:13   2:00   0:00 
Jesper Fast              0  0  0  -1  0   3  1  0  2  0  0/0    10:06   0:00   1:00 
Mario Ferraro            0  1  1  -2  0   1  3  1  0  1  0/0    22:26   2:44   1:01 
Nikita Kucherov          0  0  0  -1  0   2  0  0  0  0  1/4    18:31   2:17   0:44 
Patrice Bergeron         1  0  1  -3  0   3  1  0  1  2  14/28  18:45   2:29   0:00 
William Nylander         0  0  0  -1  0   2  0  0  1  0  0/0    12:12   0:00   0:00 
Yakov Trenin             0  0  0  -1  0   1  1  0  0  0  0/0     9:42   0:05   0:15 

Players Stats for Canucks

Player Name              G  A  P  +/- PIM S  H  SB GA TA FO     MP     PP MP  PK MP  
------------------------------------------------------------------------------------
Alex Killorn             1  0  1   1  0   4  1  0  2  0  2/4    16:26   0:00   0:14 
Alex Tuch                2  2  4   4  0   6  1  0  0  0  2/2    17:43   1:03   0:00 
Blake Wheeler            0  1  1   1  2   0  1  1  0  0  0/0    18:52   1:07   1:03 
Charlie McAvoy           0  0  0   3  4   1  3  2  0  2  0/0    23:52   0:52   1:17 
Cole Sillinger           1  0  1   1  0   3  0  0  1  0  2/6    13:29   0:56   0:00 
Darnell Nurse            0  0  0   1  2   1  2  0  2  0  0/0    23:29   0:00   1:50 
Denis Gurianov           0  1  1   1  0   3  2  0  1  0  0/0    13:57   0:56   0:17 
Dominik Kubalik          0  2  2   4  0   5  3  0  0  1  1/1    19:07   1:03   1:24 
Jason Dickinson          0  0  0   0  0   0  0  0  0  1  0/3    10:24   0:00   2:50 
Jordan Martinook         0  0  0   0  0   0  2  0  0  0  0/1     9:31   0:56   1:19 
Matt Grzelcyk            0  0  0   2  0   0  1  0  0  1  0/0    12:18   0:52   1:09 
Michael McLeod           0  0  0   1  0   2  1  1  0  0  2/4    14:52   0:00   2:21 
Mika Zibanejad           0  1  1   1  0   0  2  0  2  0  11/19  17:15   1:03   0:00 
Oscar Klefbom            0  2  2   3  0   3  1  2  1  1  0/0    24:12   0:00   2:59 
Pierre Engvall           0  0  0   0  0   0  1  1  1  0  0/0     7:47   0:00   0:14 
Quinn Hughes             0  1  1   1  0   2  1  0  0  3  0/0    23:38   1:07   1:00 
Ryan Getzlaf             2  1  3   4  0   4  0  0  0  0  9/21   16:40   0:00   0:00 
Urho Vaakanainen         0  0  0   2  0   0  0  1  0  0  0/0    11:33   0:00   1:27 

3 Stars

1 - Alex Tuch (VAN)
2 - Ryan Getzlaf (VAN)
3 - Dominik Kubalik (VAN)

Power Play

Wild - 2 on 4 Attempt(s) - 50,00%
Canucks - 0 on 1 Attempt(s) - 0,00%

Penalty Kill

Wild - 1 on 1 Attempt(s) - 100,00% - Score 0 goal in Penalty Kill
Canucks - 2 on 4 Attempt(s) - 50,00% - Score 0 goal in Penalty Kill

Team Stat

Wild - Hits : 16 - Faceoff Wins : 32 - Blocked Shots : 11 - Penalty Minutes : 2
Canucks - Hits : 22 - Faceoff Wins : 29 - Blocked Shots : 8 - Penalty Minutes : 8

Official

Referees : Andrew Wilk and Trevor Hanson
Linesman : Vaughan Rody and Kelsey Mahoney

Game Notes

15:15 of 3rd period - Canucks goal is going for a video replay. After video review, Goal.

Finance

Level 1 -- Attendance: 6000 (100,00%) -- Ticket Income 570 000 $
Level 2 -- Attendance: 5000 (100,00%) -- Ticket Income 275 000 $
Level 3 -- Attendance: 2000 (100,00%) -- Ticket Income 60 000 $
Level 4 -- Attendance: 4000 (100,00%) -- Ticket Income 80 000 $
Luxury Box -- Attendance: 1000 (100,00%) -- Ticket Income 175 000 $
Game was played at the Green men Ice Stadium.
Total Attendance: 18000 (100,00%)
Total Ticket Income: 1 160 000 $
Other Income: 568 400 $
Total Income: 1 728 400 $

Wild

5 vs 5 Forward 
   Center                   Left Wing                Right Wing               Time % Phy DF OF 
 1 Patrice Bergeron         Brad Marchand            Adrian Kempe             33     0   1  4  
 2 Elias Lindholm           Alex DeBrincat           Nikita Kucherov          33     0   1  4  
 3 Jack Eichel              William Nylander         Cam Atkinson             24     0   3  2  
 4 Chris Tierney            Jesper Fast              Yakov Trenin             10     1   3  1  

5 vs 5 Defense 
   Defense                  Defense                                           Time % Phy DF OF 
 1 Devon Toews              Alexander Edler                                   35     1   1  3  
 2 Alexandre Carrier        Mario Ferraro                                     35     1   1  3  
 3 Brandon Carlo            Brayden McNabb                                    30     1   1  3  
 4 Devon Toews              Mario Ferraro                                     0      1   2  2  

PowerPlay Forward 
   Center                   Left Wing                Right Wing               Time % Phy DF OF 
 1 Patrice Bergeron         Brad Marchand            Alex DeBrincat           50     0   0  5  
 2 Elias Lindholm           Nikita Kucherov          Jack Eichel              50     0   0  5  

PowerPlay Defense
   Defense                  Defense                                           Time % Phy DF OF 
 1 Devon Toews              Brandon Carlo                                     50     0   1  4  
 2 Alexandre Carrier        Mario Ferraro                                     50     0   1  4  

Penalty Kill 4 Players Forward 
   Center                   Wing                     Time % Phy DF OF 
 1 Chris Tierney            Jesper Fast              65     0   4  1  
 2 Elias Lindholm           Yakov Trenin             35     0   4  1  

Penalty Kill 4 Players Defense
   Defense                  Defense                  Time % Phy DF OF 
 1 Brayden McNabb           Devon Toews              50     1   4  0  
 2 Mario Ferraro            Brandon Carlo            50     1   4  0  

Penalty Kill - 3 Players Forward 
   Forward                                           Time % Phy DF OF 
 1 Chris Tierney                                     60     1   2  2  
 2 Elias Lindholm                                    40     1   2  2  

Penalty Kill - 3 Players Defense
   Defense                  Defense                  Time % Phy DF OF 
 1 Brandon Carlo            Devon Toews              60     0   5  0  
 2 Brandon Carlo            Mario Ferraro            40     0   5  0  

4 vs 4 Forward 
   Center                   Wing                     Time % Phy DF OF 
 1 Patrice Bergeron         Brad Marchand            60     1   2  2  
 2 Elias Lindholm           Nikita Kucherov          40     1   2  2  

4 vs 4 Defense
   Defense                  Defense                  Time % Phy DF OF 
 1 Devon Toews              Brandon Carlo            60     1   2  2  
 2 Alexandre Carrier        Mario Ferraro            40     1   2  2  

Last Minutes Offensive
   Center                   Left Wing                Right Wing               Defense                  Defense                  
   Patrice Bergeron         Brad Marchand            Nikita Kucherov          Devon Toews              Alexandre Carrier        

Last Minutes Defensive
   Center                   Left Wing                Right Wing               Defense                  Defense                  
   Chris Tierney            Jesper Fast              Elias Lindholm           Mario Ferraro            Alexander Edler          

Goaltenders
Starting : Jake Oettinger           
Backup : Linus Ullmark            

Extra Forwards
Normal : Chris Tierney, Brad Marchand, Elias Lindholm - PP : Chris Tierney, Patrice Bergeron - PK : Jesper Fast
Extra Defensemen
Normal : Brandon Carlo, Devon Toews, Alexandre Carrier - PP : Brandon Carlo - PK : Devon Toews, Mario Ferraro
Penalty Shots
Alex DeBrincat, Brad Marchand, Patrice Bergeron, Elias Lindholm, Jack Eichel
Custom OT Lines Forwards
Patrice Bergeron, Brad Marchand, Alex DeBrincat, Elias Lindholm, Nikita Kucherov, Chris Tierney, Adrian Kempe, Jack Eichel, Cam Atkinson, William Nylander
Custom OT Lines Defensemen
Devon Toews, Mario Ferraro, Alexandre Carrier, Brayden McNabb, Brandon Carlo

Scratches
Nic Petan (Healthy)

Canucks

5 vs 5 Forward 
   Center                   Left Wing                Right Wing               Time % Phy DF OF 
 1 Mika Zibanejad           Alex Killorn             Blake Wheeler            35     0   0  5  
 2 Ryan Getzlaf             Dominik Kubalik          Alex Tuch                35     1   4  0  
 3 Cole Sillinger           Denis Gurianov           Michael McLeod           25     1   2  2  
 4 Jason Dickinson          Jordan Martinook         Pierre Engvall           5      1   4  0  

5 vs 5 Defense 
   Defense                  Defense                                           Time % Phy DF OF 
 1 Darnell Nurse            Quinn Hughes                                      40     1   4  0  
 2 Charlie McAvoy           Oscar Klefbom                                     40     1   4  0  
 3 Matt Grzelcyk            Urho Vaakanainen                                  20     1   4  0  
 4 Darnell Nurse            Charlie McAvoy                                    0      0   5  0  

PowerPlay Forward 
   Center                   Left Wing                Right Wing               Time % Phy DF OF 
 1 Mika Zibanejad           Dominik Kubalik          Alex Tuch                70     1   0  4  
 2 Cole Sillinger           Jordan Martinook         Denis Gurianov           30     1   0  4  

PowerPlay Defense
   Defense                  Defense                                           Time % Phy DF OF 
 1 Blake Wheeler            Quinn Hughes                                      70     1   0  4  
 2 Charlie McAvoy           Matt Grzelcyk                                     30     1   0  4  

Penalty Kill 4 Players Forward 
   Center                   Wing                     Time % Phy DF OF 
 1 Michael McLeod           Jason Dickinson          80     1   4  0  
 2 Alex Killorn             Pierre Engvall           20     1   4  0  

Penalty Kill 4 Players Defense
   Defense                  Defense                  Time % Phy DF OF 
 1 Oscar Klefbom            Darnell Nurse            60     1   4  0  
 2 Charlie McAvoy           Urho Vaakanainen         40     1   4  0  

Penalty Kill - 3 Players Forward 
   Forward                                           Time % Phy DF OF 
 1 Mika Zibanejad                                    60     1   2  2  
 2 Jason Dickinson                                   40     1   2  2  

Penalty Kill - 3 Players Defense
   Defense                  Defense                  Time % Phy DF OF 
 1 Oscar Klefbom            Darnell Nurse            60     1   2  2  
 2 Charlie McAvoy           Urho Vaakanainen         40     1   2  2  

4 vs 4 Forward 
   Center                   Wing                     Time % Phy DF OF 
 1 Mika Zibanejad           Dominik Kubalik          50     1   2  2  
 2 Blake Wheeler            Alex Tuch                50     1   2  2  

4 vs 4 Defense
   Defense                  Defense                  Time % Phy DF OF 
 1 Matt Grzelcyk            Darnell Nurse            50     1   2  2  
 2 Charlie McAvoy           Quinn Hughes             50     1   2  2  

Last Minutes Offensive
   Center                   Left Wing                Right Wing               Defense                  Defense                  
   Ryan Getzlaf             Blake Wheeler            Alex Tuch                Quinn Hughes             Charlie McAvoy           

Last Minutes Defensive
   Center                   Left Wing                Right Wing               Defense                  Defense                  
   Jason Dickinson          Pierre Engvall           Michael McLeod           Darnell Nurse            Charlie McAvoy           

Goaltenders
Starting : Ben Bishop               
Backup : Chris Driedger           

Extra Forwards
Normal : Denis Gurianov, Jason Dickinson, Dominik Kubalik - PP : Jordan Martinook, Cole Sillinger - PK : Jordan Martinook
Extra Defensemen
Normal : Charlie McAvoy, Matt Grzelcyk, Darnell Nurse - PP : Charlie McAvoy - PK : Charlie McAvoy, Matt Grzelcyk
Penalty Shots
Alex Killorn, Blake Wheeler, Cole Sillinger, Dominik Kubalik, Alex Tuch
Custom OT Lines Forwards
Mika Zibanejad, Blake Wheeler, Cole Sillinger, Dominik Kubalik, Ryan Getzlaf, Alex Tuch, Alex Killorn, Denis Gurianov, Jason Dickinson, Jordan Martinook
Custom OT Lines Defensemen
Quinn Hughes, Charlie McAvoy, Darnell Nurse, Matt Grzelcyk, Oscar Klefbom

Scratches
Erik Johnson (Strained Left Knee Injury), Eetu Luostarinen (Healthy), Mikko Koivu (Healthy)

% Time on Ice - Wild

Lines # - Real PCT - Wanted PCT - Time Play
Normal Forward
1 - 31% - 33% - 16:20
2 - 29% - 33% - 15:36
3 - 23% - 24% - 12:12
4 - 17% - 10% - 9:02
Normal Defense
1 - 35% - 35% - 18:36
2 - 35% - 35% - 18:41
3 - 30% - 30% - 15:53
4 - 0% - 0% - 0:00
PP Forward
1 - 51% - 50% - 2:29
2 - 49% - 50% - 2:22
PP Defense
1 - 52% - 50% - 2:31
2 - 48% - 50% - 2:20
PK Forward
1 - 100% - 65% - 1:59
2 - 0% - 35% - 0:00
PK Defense
1 - 49% - 50% - 0:58
2 - 51% - 50% - 1:01
PK3 Forward
1 - 0% - 60%
2 - 0% - 40%
PK3 Defense
1 - 0% - 60%
2 - 0% - 40%
44 Forward
1 - 0% - 60%
2 - 0% - 40%
44 Defense
1 - 0% - 60%
2 - 0% - 40%
Last Minute Offensive  - 0:00
Last Minute Defensive  - 0:00
Total
Forward - 60:00
Defense - 60:00

% Time on Ice - Canucks

Lines # - Real PCT - Wanted PCT - Time Play
Normal Forward
1 - 31% - 35% - 16:24
2 - 31% - 35% - 16:43
3 - 24% - 25% - 12:30
4 - 14% - 5% - 7:33
Normal Defense
1 - 40% - 40% - 21:30
2 - 40% - 40% - 21:24
3 - 19% - 20% - 10:06
4 - 0% - 0% - 0:10
PP Forward
1 - 53% - 70% - 1:03
2 - 47% - 30% - 0:56
PP Defense
1 - 56% - 70% - 1:07
2 - 44% - 30% - 0:52
PK Forward
1 - 95% - 80% - 4:37
2 - 5% - 20% - 0:14
PK Defense
1 - 69% - 60% - 3:22
2 - 31% - 40% - 1:29
PK3 Forward
1 - 0% - 60%
2 - 0% - 40%
PK3 Defense
1 - 0% - 60%
2 - 0% - 40%
44 Forward
1 - 0% - 50%
2 - 0% - 50%
44 Defense
1 - 0% - 50%
2 - 0% - 50%
Last Minute Offensive  - 0:00
Last Minute Defensive  - 0:00
Total
Forward - 60:00
Defense - 60:00

Play-by-Play

1st period


0:01 of 1st period - Mika Zibanejad wins face-off versus Patrice Bergeron in neutral zone.
0:04 of 1st period - Wrist shot by Alex Killorn.
0:04 of 1st period - Stopped by Jake Oettinger without a rebound.
0:05 of 1st period - Mika Zibanejad wins face-off versus Patrice Bergeron in Wild zone.
0:10 of 1st period - Wrist shot by Alex Killorn.
0:10 of 1st period - Stopped by Jake Oettinger with a rebound.
0:38 of 1st period - Snap shot by Dominik Kubalik.
0:38 of 1st period - Shot Misses the Net.
1:28 of 1st period - Wrist shot by William Nylander.
1:28 of 1st period - Shot Misses the Net.
1:30 of 1st period - Wrist shot by Devon Toews.
1:30 of 1st period - Stopped by Ben Bishop with a rebound.
1:49 of 1st period - Minor Penalty to Charlie McAvoy for Tripping.
1:50 of 1st period - Patrice Bergeron wins face-off versus Jordan Martinook in Canucks zone.
2:06 of 1st period - Snap shot by Alex DeBrincat.
2:06 of 1st period - Shot Misses the Net.
3:49 of 1st period - Penalty to Charlie McAvoy is over, Charlie McAvoy is back on ice.
4:27 of 1st period - Jack Eichel is hit by Denis Gurianov and loses puck.
4:38 of 1st period - Quinn Hughes is hit by Jesper Fast and loses puck.
5:02 of 1st period - Brayden McNabb is hit by Jordan Martinook and loses puck.
6:18 of 1st period - Chris Tierney is hit by Jordan Martinook and loses puck.
6:31 of 1st period - Slapshot by Alexandre Carrier.
6:31 of 1st period - Stopped by Ben Bishop with a rebound.
7:05 of 1st period - Jason Dickinson is hit by Yakov Trenin and loses puck.
7:14 of 1st period - Wrist shot by Jesper Fast.
7:14 of 1st period - Shot Misses the Net.
7:16 of 1st period - Slapshot by Alexandre Carrier.
7:16 of 1st period - Deflect By Chris Tierney.
7:16 of 1st period - Stopped by Ben Bishop with a rebound.
7:18 of 1st period - Slapshot by Alexandre Carrier.
7:18 of 1st period - Shot Blocked by Pierre Engvall.
8:12 of 1st period - Slapshot by Jesper Fast.
8:12 of 1st period - Stopped by Ben Bishop with a rebound.
8:14 of 1st period - Snap shot by Chris Tierney.
8:14 of 1st period - Deflect By Yakov Trenin.
8:14 of 1st period - Stopped by Ben Bishop without a rebound.
8:15 of 1st period - Ryan Getzlaf wins face-off versus Patrice Bergeron in Canucks zone.
8:28 of 1st period - Snap shot by Alex Tuch.
8:28 of 1st period - Shot Blocked by Brayden McNabb.
8:30 of 1st period - Snap shot by Oscar Klefbom.
8:30 of 1st period - Stopped by Jake Oettinger with a rebound.
8:50 of 1st period - Alex DeBrincat is hit by Charlie McAvoy.
9:47 of 1st period - Snap shot by Alex Tuch.
9:47 of 1st period - Stopped by Jake Oettinger with a rebound.
10:23 of 1st period - Oscar Klefbom is hit by Brad Marchand and loses puck.
11:08 of 1st period - Icing by Brad Marchand.
11:09 of 1st period - Patrice Bergeron wins face-off versus Cole Sillinger in Wild zone.
11:14 of 1st period - Darnell Nurse is hit by Patrice Bergeron and loses puck.
11:21 of 1st period - Devon Toews is hit by Denis Gurianov and loses puck.
11:47 of 1st period - Icing by Quinn Hughes.
11:48 of 1st period - Jack Eichel wins face-off versus Mika Zibanejad in Canucks zone.
11:51 of 1st period - Snap shot by Cam Atkinson.
11:51 of 1st period - Stopped by Ben Bishop with a rebound.
12:28 of 1st period - Icing by Brandon Carlo.
12:29 of 1st period - Cole Sillinger wins face-off versus Elias Lindholm in Wild zone.
13:35 of 1st period - Icing by Alexandre Carrier.
13:36 of 1st period - Alex DeBrincat wins face-off versus Cole Sillinger in Wild zone.
13:53 of 1st period - Slapshot by Alex DeBrincat.
13:53 of 1st period - Shot Misses the Net.
14:11 of 1st period - Wrist shot by Dominik Kubalik.
14:11 of 1st period - Stopped by Jake Oettinger with a rebound.
14:13 of 1st period - Slapshot by Ryan Getzlaf.
14:13 of 1st period - Shot Blocked by Alexander Edler.
14:23 of 1st period - Darnell Nurse is hit by Cam Atkinson and loses puck.
14:41 of 1st period - Icing by Jack Eichel.
14:42 of 1st period - Cole Sillinger wins face-off versus Elias Lindholm in Wild zone.
14:57 of 1st period - Snap shot by Cole Sillinger.
14:57 of 1st period - Shot Blocked by Brayden McNabb.
15:07 of 1st period - Brandon Carlo is hit by Alex Killorn and loses puck.
15:36 of 1st period - Mario Ferraro is hit by Dominik Kubalik and loses puck.
16:51 of 1st period - Alexander Edler is hit by Pierre Engvall.
17:09 of 1st period - Slapshot by William Nylander.
17:09 of 1st period - Shot Blocked by Oscar Klefbom.
17:31 of 1st period - Snap shot by Denis Gurianov.
17:31 of 1st period - Stopped by Jake Oettinger without a rebound.
17:32 of 1st period - Patrice Bergeron wins face-off versus Ryan Getzlaf in Wild zone.
17:43 of 1st period - Snap shot by Alex Tuch.
17:43 of 1st period - Stopped by Jake Oettinger without a rebound.
17:44 of 1st period - Patrice Bergeron wins face-off versus Ryan Getzlaf in Wild zone.
18:09 of 1st period - Mario Ferraro is hit by Darnell Nurse and loses puck.
18:20 of 1st period - Wrist shot by Nikita Kucherov.
18:20 of 1st period - Shot Misses the Net.
18:32 of 1st period - Cam Atkinson is hit by Michael McLeod and loses puck.
18:53 of 1st period - Wrist shot by Brad Marchand.
18:53 of 1st period - Deflect By Patrice Bergeron.
18:53 of 1st period - Stopped by Ben Bishop without a rebound.
18:54 of 1st period - Patrice Bergeron wins face-off versus Ryan Getzlaf in Canucks zone.
18:55 of 1st period - Wrist shot by Brad Marchand.
18:55 of 1st period - Shot Misses the Net.
19:10 of 1st period - Snap shot by Dominik Kubalik.
19:10 of 1st period - Stopped by Jake Oettinger with a rebound.
19:45 of 1st period - Cam Atkinson is hit by Charlie McAvoy.
Goals for this period are 0 for Wild vs 0 for Canucks.
Shots for this period are 7 for Wild vs 8 for Canucks.

2nd period


0:01 of 2nd period - Ryan Getzlaf wins face-off versus Patrice Bergeron in neutral zone.
0:12 of 2nd period - Wrist shot by Patrice Bergeron.
0:12 of 2nd period - Stopped by Ben Bishop without a rebound.
0:13 of 2nd period - Patrice Bergeron wins face-off versus Ryan Getzlaf in Canucks zone.
0:14 of 2nd period - Snap shot by Brad Marchand.
0:14 of 2nd period - Shot Misses the Net.
0:16 of 2nd period - Wrist shot by Adrian Kempe.
0:16 of 2nd period - Stopped by Ben Bishop with a rebound.
0:22 of 2nd period - Snap shot by Brad Marchand.
0:22 of 2nd period - Shot Blocked by Charlie McAvoy.
0:24 of 2nd period - Snap shot by Brad Marchand.
0:24 of 2nd period - Shot Misses the Net.
0:43 of 2nd period - Oscar Klefbom is hit by Mario Ferraro and loses puck.
1:06 of 2nd period - Snap shot by Denis Gurianov.
1:06 of 2nd period - Shot Blocked by Alexander Edler.
1:08 of 2nd period - Slapshot by Michael McLeod.
1:08 of 2nd period - Deflect By William Nylander.
1:08 of 2nd period - Shot Misses the Net.
1:08 of 2nd period - Puck is out of play.
1:09 of 2nd period - Ryan Getzlaf wins face-off versus Patrice Bergeron in Wild zone.
1:10 of 2nd period - Snap shot by Dominik Kubalik.
1:10 of 2nd period - Stopped by Jake Oettinger without a rebound.
1:11 of 2nd period - Ryan Getzlaf wins face-off versus Patrice Bergeron in Wild zone.
1:16 of 2nd period - Wrist shot by Alex Tuch.
1:16 of 2nd period - Stopped by Jake Oettinger with a rebound.
1:36 of 2nd period - Nikita Kucherov is hit by Blake Wheeler and loses puck.
2:03 of 2nd period - Jack Eichel is hit by Matt Grzelcyk and loses puck.
3:00 of 2nd period - Wrist shot by Alex DeBrincat.
3:00 of 2nd period - Stopped by Ben Bishop without a rebound.
3:01 of 2nd period - Nikita Kucherov wins face-off versus Jason Dickinson in Canucks zone.
3:02 of 2nd period - Slapshot by Alex DeBrincat.
3:02 of 2nd period - Shot Misses the Net.
3:04 of 2nd period - Slapshot by Alexandre Carrier.
3:04 of 2nd period - Stopped by Ben Bishop with a rebound.
3:06 of 2nd period - Slapshot by Alexandre Carrier.
3:06 of 2nd period - Stopped by Ben Bishop without a rebound.
3:07 of 2nd period - Mika Zibanejad wins face-off versus Patrice Bergeron in Canucks zone.
3:09 of 2nd period - Minor Penalty to Darnell Nurse for Roughing.
3:10 of 2nd period - Michael McLeod wins face-off versus Elias Lindholm in Canucks zone.
3:20 of 2nd period - Michael McLeod is hit by Brandon Carlo and loses puck.
5:09 of 2nd period - Penalty to Darnell Nurse is over, Darnell Nurse is back on ice.
5:17 of 2nd period - Wrist shot by Jesper Fast.
5:17 of 2nd period - Stopped by Ben Bishop with a rebound.
5:19 of 2nd period - Snap shot by Chris Tierney.
5:19 of 2nd period - Stopped by Ben Bishop without a rebound.
5:20 of 2nd period - Chris Tierney wins face-off versus Ryan Getzlaf in Canucks zone.
5:27 of 2nd period - Slapshot by Jesper Fast.
5:27 of 2nd period - Stopped by Ben Bishop with a rebound.
5:29 of 2nd period - Snap shot by Chris Tierney.
5:29 of 2nd period - Shot Misses the Net.
5:43 of 2nd period - Wrist shot by Chris Tierney.
5:43 of 2nd period - Shot Misses the Net.
5:45 of 2nd period - Snap shot by Jesper Fast.
5:45 of 2nd period - Deflect By Yakov Trenin.
5:45 of 2nd period - Shot Blocked by Urho Vaakanainen.
5:45 of 2nd period - Puck is out of play.
5:46 of 2nd period - Mika Zibanejad wins face-off versus Brad Marchand in Canucks zone.
5:48 of 2nd period - Minor Penalty to Blake Wheeler for Cross-checking.
5:49 of 2nd period - Michael McLeod wins face-off versus Patrice Bergeron in Canucks zone.
6:05 of 2nd period - Backhand shot by Patrice Bergeron.
6:05 of 2nd period - Goal by Patrice Bergeron - Wild : 1 - Canucks : 0.
6:06 of 2nd period - Patrice Bergeron wins face-off versus Mika Zibanejad in neutral zone.
7:06 of 2nd period - Off-side.
7:07 of 2nd period - Patrice Bergeron wins face-off versus Ryan Getzlaf in neutral zone.
7:38 of 2nd period - Slapshot by Oscar Klefbom.
7:38 of 2nd period - Shot Blocked by Alexander Edler.
7:42 of 2nd period - Wrist shot by Cole Sillinger.
7:42 of 2nd period - Stopped by Jake Oettinger without a rebound.
7:43 of 2nd period - Elias Lindholm wins face-off versus Ryan Getzlaf in Wild zone.
7:43 of 2nd period - Elias Lindholm is hit by Charlie McAvoy.
8:04 of 2nd period - Minor Penalty to Charlie McAvoy for Interference.
8:05 of 2nd period - Elias Lindholm wins face-off versus Michael McLeod in Canucks zone.
8:40 of 2nd period - Snap shot by Brad Marchand.
8:40 of 2nd period - Goal by Brad Marchand - Wild : 2 - Canucks : 0.
8:41 of 2nd period - Patrice Bergeron wins face-off versus Ryan Getzlaf in neutral zone.
11:02 of 2nd period - Icing by Quinn Hughes.
11:03 of 2nd period - Mika Zibanejad wins face-off versus Chris Tierney in Canucks zone.
11:16 of 2nd period - Slapshot by Denis Gurianov.
11:16 of 2nd period - Stopped by Jake Oettinger with a rebound.
11:18 of 2nd period - Snap shot by Michael McLeod.
11:18 of 2nd period - Stopped by Jake Oettinger without a rebound.
11:19 of 2nd period - Alex Killorn wins face-off versus Patrice Bergeron in Wild zone.
11:26 of 2nd period - Snap shot by Blake Wheeler.
11:26 of 2nd period - Shot Misses the Net.
11:34 of 2nd period - Snap shot by Brad Marchand.
11:34 of 2nd period - Shot Misses the Net.
11:46 of 2nd period - Nikita Kucherov is hit by Dominik Kubalik and loses puck.
11:53 of 2nd period - Oscar Klefbom is hit by Alex DeBrincat and loses puck.
12:06 of 2nd period - Wrist shot by Denis Gurianov.
12:06 of 2nd period - Stopped by Jake Oettinger with a rebound.
12:08 of 2nd period - Backhand shot by Oscar Klefbom.
12:08 of 2nd period - Deflect By Cam Atkinson.
12:08 of 2nd period - Stopped by Jake Oettinger with a rebound.
12:14 of 2nd period - Snap shot by Denis Gurianov.
12:14 of 2nd period - Deflect By Cole Sillinger.
12:14 of 2nd period - Shot Misses the Net.
12:14 of 2nd period - Puck is out of play.
12:15 of 2nd period - Mika Zibanejad wins face-off versus Adrian Kempe in Wild zone.
12:18 of 2nd period - Snap shot by Mika Zibanejad.
12:18 of 2nd period - Shot Blocked by Alexander Edler.
12:30 of 2nd period - Slapshot by Patrice Bergeron.
12:30 of 2nd period - Shot Blocked by Blake Wheeler.
12:40 of 2nd period - Nikita Kucherov is hit by Alex Tuch and loses puck.
13:35 of 2nd period - Icing by Patrice Bergeron.
13:36 of 2nd period - Mika Zibanejad wins face-off versus Adrian Kempe in Wild zone.
13:39 of 2nd period - Slapshot by Alex Killorn.
13:39 of 2nd period - Deflect By Blake Wheeler.
13:39 of 2nd period - Shot Blocked by Alexandre Carrier.
13:39 of 2nd period - Puck is out of play.
13:40 of 2nd period - Patrice Bergeron wins face-off versus Mika Zibanejad in Wild zone.
13:47 of 2nd period - Alex Killorn is hit by Brandon Carlo.
13:53 of 2nd period - Snap shot by Charlie McAvoy.
13:53 of 2nd period - Stopped by Jake Oettinger with a rebound.
14:09 of 2nd period - Alex DeBrincat is hit by Dominik Kubalik and loses puck.
14:14 of 2nd period - Wrist shot by Dominik Kubalik.
14:14 of 2nd period - Stopped by Jake Oettinger with a rebound.
14:36 of 2nd period - Slapshot by Jack Eichel.
14:36 of 2nd period - Shot Misses the Net.
14:38 of 2nd period - Snap shot by William Nylander.
14:38 of 2nd period - Stopped by Ben Bishop with a rebound.
14:48 of 2nd period - Alex Killorn is hit by Mario Ferraro and loses puck.
15:07 of 2nd period - Slapshot by Oscar Klefbom.
15:07 of 2nd period - Shot Blocked by Alexander Edler.
16:02 of 2nd period - Snap shot by Alex DeBrincat.
16:02 of 2nd period - Deflect By Nikita Kucherov.
16:02 of 2nd period - Stopped by Ben Bishop without a rebound.
16:03 of 2nd period - Patrice Bergeron wins face-off versus Ryan Getzlaf in Canucks zone.
16:07 of 2nd period - Icing by Dominik Kubalik.
16:08 of 2nd period - Patrice Bergeron wins face-off versus Ryan Getzlaf in Canucks zone.
16:45 of 2nd period - Snap shot by Alex DeBrincat.
16:45 of 2nd period - Shot Hit the Post.
16:47 of 2nd period - Wrist shot by Nikita Kucherov.
16:47 of 2nd period - Stopped by Ben Bishop with a rebound.
17:23 of 2nd period - Snap shot by Dominik Kubalik.
17:23 of 2nd period - Shot Misses the Net.
17:51 of 2nd period - Wrist shot by Nikita Kucherov.
17:51 of 2nd period - Shot Misses the Net.
18:07 of 2nd period - Snap shot by Patrice Bergeron.
18:07 of 2nd period - Shot Hit the Post.
18:34 of 2nd period - Wrist shot by Cole Sillinger.
18:34 of 2nd period - Stopped by Jake Oettinger with a rebound.
19:18 of 2nd period - Wrist shot by Nikita Kucherov.
19:18 of 2nd period - Deflect By Alex DeBrincat.
19:18 of 2nd period - Stopped by Ben Bishop with a rebound.
19:20 of 2nd period - Backhand shot by Brandon Carlo.
19:20 of 2nd period - Stopped by Ben Bishop without a rebound.
19:21 of 2nd period - Brad Marchand wins face-off versus Cole Sillinger in Canucks zone.
Goals for this period are 2 for Wild vs 0 for Canucks.
Shots for this period are 15 for Wild vs 10 for Canucks.

3rd period


0:01 of 3rd period - Patrice Bergeron wins face-off versus Mika Zibanejad in neutral zone.
0:04 of 3rd period - Slapshot by Alexandre Carrier.
0:04 of 3rd period - Shot Misses the Net.
0:06 of 3rd period - Slapshot by Alexandre Carrier.
0:06 of 3rd period - Stopped by Ben Bishop with a rebound.
0:08 of 3rd period - Slapshot by Mario Ferraro.
0:08 of 3rd period - Stopped by Ben Bishop without a rebound.
0:09 of 3rd period - Mika Zibanejad wins face-off versus Patrice Bergeron in Canucks zone.
0:59 of 3rd period - Backhand shot by Alex Killorn.
0:59 of 3rd period - Stopped by Jake Oettinger with a rebound.
1:21 of 3rd period - Snap shot by Brad Marchand.
1:21 of 3rd period - Stopped by Ben Bishop without a rebound.
1:22 of 3rd period - Dominik Kubalik wins face-off versus Elias Lindholm in Canucks zone.
3:02 of 3rd period - Darnell Nurse is hit by Mario Ferraro and loses puck.
3:43 of 3rd period - Slapshot by Chris Tierney.
3:43 of 3rd period - Stopped by Ben Bishop without a rebound.
3:44 of 3rd period - Chris Tierney wins face-off versus Cole Sillinger in Canucks zone.
3:59 of 3rd period - Backhand shot by Chris Tierney.
3:59 of 3rd period - Shot Blocked by Michael McLeod.
4:11 of 3rd period - Brandon Carlo is hit by Quinn Hughes and loses puck.
4:18 of 3rd period - Snap shot by Alex Tuch.
4:18 of 3rd period - Shot Blocked by Brayden McNabb.
4:20 of 3rd period - Snap shot by Ryan Getzlaf.
4:20 of 3rd period - Goal by Ryan Getzlaf - Wild : 2 - Canucks : 1.
4:21 of 3rd period - Ryan Getzlaf wins face-off versus Nikita Kucherov in neutral zone.
4:24 of 3rd period - Snap shot by Oscar Klefbom.
4:24 of 3rd period - Stopped by Jake Oettinger without a rebound.
4:25 of 3rd period - Ryan Getzlaf wins face-off versus Nikita Kucherov in Wild zone.
4:34 of 3rd period - Alex Tuch is hit by Devon Toews and loses puck.
5:03 of 3rd period - Wrist shot by Dominik Kubalik.
5:03 of 3rd period - Shot Blocked by Alexander Edler.
5:05 of 3rd period - Wrist shot by Alex Tuch.
5:05 of 3rd period - Goal by Alex Tuch - Wild : 2 - Canucks : 2.
5:06 of 3rd period - Elias Lindholm wins face-off versus Alex Killorn in neutral zone.
6:01 of 3rd period - Icing by Alexandre Carrier.
6:02 of 3rd period - Alex Killorn wins face-off versus Adrian Kempe in Wild zone.
6:15 of 3rd period - Wrist shot by Alex Killorn.
6:15 of 3rd period - Goal by Alex Killorn - Wild : 2 - Canucks : 3.
6:16 of 3rd period - Elias Lindholm wins face-off versus Mika Zibanejad in neutral zone.
6:44 of 3rd period - Wrist shot by Jack Eichel.
6:44 of 3rd period - Shot Blocked by Oscar Klefbom.
6:54 of 3rd period - Wrist shot by Jack Eichel.
6:54 of 3rd period - Deflect By Cam Atkinson.
6:54 of 3rd period - Shot Misses the Net.
6:54 of 3rd period - Puck is out of play.
6:55 of 3rd period - Ryan Getzlaf wins face-off versus Patrice Bergeron in Canucks zone.
7:02 of 3rd period - Wrist shot by Alex Tuch.
7:02 of 3rd period - Stopped by Jake Oettinger with a rebound.
7:04 of 3rd period - Wrist shot by Alex Tuch.
7:04 of 3rd period - Goal by Alex Tuch - Wild : 2 - Canucks : 4.
7:05 of 3rd period - Mika Zibanejad wins face-off versus Nikita Kucherov in neutral zone.
7:59 of 3rd period - Slapshot by Cole Sillinger.
7:59 of 3rd period - Deflect By Michael McLeod.
7:59 of 3rd period - Stopped by Jake Oettinger with a rebound.
8:01 of 3rd period - Snap shot by Darnell Nurse.
8:01 of 3rd period - Stopped by Jake Oettinger without a rebound.
8:02 of 3rd period - Elias Lindholm wins face-off versus Mika Zibanejad in Wild zone.
8:02 of 3rd period - Elias Lindholm is hit by Mika Zibanejad.
8:56 of 3rd period - Slapshot by Dominik Kubalik.
8:56 of 3rd period - Shot Misses the Net.
9:03 of 3rd period - Icing by William Nylander.
9:04 of 3rd period - Jack Eichel wins face-off versus Alex Killorn in Wild zone.
9:55 of 3rd period - Wrist shot by Alex Killorn.
9:55 of 3rd period - Shot Misses the Net.
9:57 of 3rd period - Slapshot by Quinn Hughes.
9:57 of 3rd period - Stopped by Jake Oettinger without a rebound.
9:58 of 3rd period - Elias Lindholm wins face-off versus Ryan Getzlaf in Wild zone.
10:05 of 3rd period - Slapshot by Nikita Kucherov.
10:05 of 3rd period - Shot Blocked by Charlie McAvoy.
10:13 of 3rd period - Icing by Ryan Getzlaf.
10:14 of 3rd period - Alex Tuch wins face-off versus Patrice Bergeron in Canucks zone.
10:14 of 3rd period - Alex Tuch is hit by Devon Toews.
10:39 of 3rd period - Off-side.
10:40 of 3rd period - Elias Lindholm wins face-off versus Michael McLeod in neutral zone.
11:34 of 3rd period - Alexander Edler is hit by Mika Zibanejad and loses puck.
11:55 of 3rd period - Snap shot by Chris Tierney.
11:55 of 3rd period - Stopped by Ben Bishop without a rebound.
11:56 of 3rd period - Chris Tierney wins face-off versus Ryan Getzlaf in Canucks zone.
12:05 of 3rd period - Slapshot by Quinn Hughes.
12:05 of 3rd period - Stopped by Jake Oettinger without a rebound.
12:06 of 3rd period - Alex Tuch wins face-off versus Elias Lindholm in Wild zone.
12:15 of 3rd period - Slapshot by Alex Tuch.
12:15 of 3rd period - Shot Hit the Post.
12:25 of 3rd period - Slapshot by Dominik Kubalik.
12:25 of 3rd period - Stopped by Jake Oettinger with a rebound.
12:27 of 3rd period - Wrist shot by Ryan Getzlaf.
12:27 of 3rd period - Stopped by Jake Oettinger with a rebound.
12:34 of 3rd period - Slapshot by Ryan Getzlaf.
12:34 of 3rd period - Shot Hit the Post.
12:36 of 3rd period - Wrist shot by Dominik Kubalik.
12:36 of 3rd period - Shot Misses the Net.
12:38 of 3rd period - Slapshot by Quinn Hughes.
12:38 of 3rd period - Shot Misses the Net.
12:40 of 3rd period - Wrist shot by Dominik Kubalik.
12:40 of 3rd period - Deflect By Alex Tuch.
12:40 of 3rd period - Shot Misses the Net.
12:40 of 3rd period - Puck is out of play.
12:41 of 3rd period - Patrice Bergeron wins face-off versus Mika Zibanejad in Wild zone.
13:22 of 3rd period - Off-side.
13:23 of 3rd period - Elias Lindholm wins face-off versus Jason Dickinson in neutral zone.
13:57 of 3rd period - Wrist shot by Brad Marchand.
13:57 of 3rd period - Stopped by Ben Bishop without a rebound.
13:58 of 3rd period - Ryan Getzlaf wins face-off versus Elias Lindholm in Canucks zone.
14:05 of 3rd period - Slapshot by Ryan Getzlaf.
14:05 of 3rd period - Stopped by Jake Oettinger with a rebound.
15:11 of 3rd period - Slapshot by Dominik Kubalik.
15:11 of 3rd period - Shot Hit the Post.
15:13 of 3rd period - Snap shot by Alex Tuch.
15:13 of 3rd period - Shot Misses the Net.
15:15 of 3rd period - Snap shot by Ryan Getzlaf.
15:15 of 3rd period - Canucks goal is going for a video replay.
15:15 of 3rd period - The goal is good.
15:15 of 3rd period - Goal by Ryan Getzlaf - Wild : 2 - Canucks : 5.
15:16 of 3rd period - Mika Zibanejad wins face-off versus Patrice Bergeron in neutral zone.
15:41 of 3rd period - Nikita Kucherov is hit by Oscar Klefbom and loses puck.
15:50 of 3rd period - Wrist shot by Dominik Kubalik.
15:50 of 3rd period - Deflect By Ryan Getzlaf.
15:50 of 3rd period - Shot Misses the Net.
15:50 of 3rd period - Puck is out of play.
15:51 of 3rd period - Mika Zibanejad wins face-off versus Patrice Bergeron in Wild zone.
16:10 of 3rd period - Alexandre Carrier is hit by Darnell Nurse.
16:28 of 3rd period - Snap shot by Cole Sillinger.
16:28 of 3rd period - Shot Blocked by Mario Ferraro.
16:30 of 3rd period - Wrist shot by Denis Gurianov.
16:30 of 3rd period - Shot Misses the Net.
16:32 of 3rd period - Snap shot by Cole Sillinger.
16:32 of 3rd period - Goal by Cole Sillinger - Wild : 2 - Canucks : 6.
16:33 of 3rd period - Ryan Getzlaf wins face-off versus Elias Lindholm in neutral zone.
16:41 of 3rd period - Minor Penalty to Alexander Edler for Tripping.
16:42 of 3rd period - Chris Tierney wins face-off versus Mika Zibanejad in Wild zone.
18:41 of 3rd period - Penalty to Alexander Edler is over, Alexander Edler is back on ice.
18:50 of 3rd period - Wrist shot by William Nylander.
18:50 of 3rd period - Stopped by Ben Bishop without a rebound.
18:51 of 3rd period - Jack Eichel wins face-off versus Jason Dickinson in Canucks zone.
19:10 of 3rd period - Alex Tuch is hit by Brad Marchand and loses puck.
19:33 of 3rd period - Oscar Klefbom is hit by Brandon Carlo and loses puck.
19:48 of 3rd period - Jordan Martinook is hit by Alexandre Carrier and loses puck.
Goals for this period are 0 for Wild vs 6 for Canucks.
Shots for this period are 7 for Wild vs 16 for Canucks. Output by the SimonT Hockey Simulator (STHS) for Eric Tremblay - Original Page W3C HTML5 Valid
Hockey Simulator - Hockey Simulation - Hockey Manager